 Dungeon Crawl Stone Soup version 0.23-a0-395-gcf17ac6 (webtiles) character file.

106 rabbit the Covered (level 4, 0/29 HPs)
             Began as a Gargoyle Fighter on Nov 1, 2018.
             Slain by a bat (1 damage)
             ... summoned by Eustachio
             ... on level 4 of the Dungeon.
             The game lasted 00:06:28 (3162 turns).

rabbit the Covered (Gargoyle Fighter)               Turns: 3162, Time: 00:06:29

Health: 0/29       AC: 14    Str: 21    XL:     4   Next: 84%
Magic:  4/4        EV:  5    Int:  8    God:
Gold:   123        SH: 10    Dex:  9    Spells: 3/3 levels left

rFire    . . .     SeeInvis .   b - -3 hunting sling (curse)
rCold    . . .     Gourm    .   c - +1 shield
rNeg     + . .     Faith    .   e - +0 chain mail
rPois    ∞         Spirit   .   (no helmet)
rElec    +         Reflect  .   q - +0 cloak
rCorr    .         Harm     .   (no gloves)
MR       .....                  (no boots)
Stlth    ..........             (no amulet)
HPRegen  0.09/turn              (no ring)
MPRegen  0.09/turn              (no ring)

@: no status effects
A: negative energy resistance 1, electricity resistance, unbreathing,
petrification resistance, rot immunity, AC +3
a: no special abilities


You were on level 4 of the Dungeon.
You were near starving.

You visited 1 branch of the dungeon, and saw 4 of its levels.

You collected 123 gold pieces.

Inventory:

Hand Weapons
 a - a +0 whip
 b - a cursed -3 hunting sling (weapon)
 l - a +0 flail
 s - a +0 hunting sling
Missiles
 n - 42 bolts
Armour
 c - a +1 shield (worn)
 e - a +0 chain mail (worn)
 m - a +0 scale mail
 q - a +0 cloak (worn)
Scrolls
 o - 2 scrolls of identify
 t - a scroll of remove curse {unknown}
Potions
 d - a potion of might
 g - a potion of haste
 i - a potion of degeneration {unknown}
 k - a potion of flight {unknown}
 p - 2 potions of curing {unknown}
 r - a potion of heal wounds {unknown}
 u - a potion of invisibility {unknown}
Comestibles
 f - 7 rations


   Skills:
 + Level 3.9 Fighting
 * Level 3.3 Maces & Flails
 + Level 4.0 Armour
 + Level 3.9 Shields


You had 3 spell levels left.
You didn't know any spells.
Your spell library was empty.

Dungeon Overview and Level Annotations

Branches:
Dungeon (4/15)
 Temple: D:4-7

Altars:

Annotations:
D:4 Eustachio


Innate Abilities, Weirdness & Mutations

You are resistant to torment.
Your stone body is resilient. (AC +3)
You are immune to poison.
You resist negative energy. (rN+)
You are resistant to electric shocks. (rElec)
You can survive without breathing.
You are immune to petrification.
You are immune to rotting.


Message History

Firing (i - inventory)
j - 3 stones (quivered)
Press: ? - help, Shift-Dir - straight line, f/p - Eustachio
Aim: Eustachio, wielding a +0 rapier and wearing a +0 leather armour (heavily You shoot a stone.
The stone hits Eustachio!
Eustachio is heavily wounded.
The bat hits you but does no damage. You block Eustachio's attack.
Firing (i - inventory)
j - 2 stones (quivered)
Press: ? - help, Shift-Dir - straight line, f/p - Eustachio
Aim: Eustachio, wielding a +0 rapier and wearing a +0 leather armour (heavily You shoot a stone.
The stone hits Eustachio.
Eustachio is severely wounded.
Eustachio barely misses you. The bat hits you but does no damage.
Firing (i - inventory)
j - a stone (quivered)
Press: ? - help, Shift-Dir - straight line, f/p - Eustachio
Aim: Eustachio, wielding a +0 rapier and wearing a +0 leather armour (severely You shoot a stone.
The stone closely misses Eustachio.
The stone barely misses the quasit.
The quasit disappears in a puff of smoke!
The bat hits you.
You die...

#..S<.....# #.<# #
.....@..###....#..#
.!>...... ##..#
######?.## #..#
.... #..# ##..#####
#### #..##§5
#..##@# #@# #b# #(#
# #(# #.
#(#########
#..##.#<.......
#....5.........
#.###.##########
#@#..(..(......#


You could see Eustachio, a quasit, a crimson imp and a bat.

Vanquished Creatures
  A worker ant (D:4)
  3 adders
  An ooze (D:3)
  2 worms
  2 dart slugs (D:2)
  3 giant cockroaches
  6 goblins
  4 hobgoblins
  A quokka (D:4)
  2 ball pythons (D:1)
  6 bats
  2 frilled lizards (D:3)
  6 kobolds
  3 rats
42 creatures vanquished.

Notes
Turn   | Place    | Note
-------+----------+-------------------------------------------
     0 | D:1      | rabbit the Gargoyle Fighter began the quest for the Orb.
     0 | D:1      | Reached XP level 1. HP: 14/14 MP: 1/1
   243 | D:1      | Reached XP level 2. HP: 19/19 MP: 2/2
  1013 | D:2      | Reached XP level 3. HP: 23/23 MP: 3/3
  1777 | D:3      | Reached XP level 4. HP: 19/29 MP: 4/4
  2483 | D:3      | Found a faded altar of an unknown god.
  2670 | D:4      | Noticed Eustachio
  3083 | D:4      | Reached skill level 4 in Armour
  3150 | D:4      | HP: 1/29 [Eustachio/+0 rapier (4)]
  3157 | D:4      | HP: 1/29 [bat[Eustachio] (1)]
  3162 | D:4      | Slain by a bat

Vault maps used:
D:1:      minmay_arrival_three_doors, kennysheep_crisscross
D:3:      chequers_ecumenical_altar_simple_redux
D:4:      nemelex_xobeh_ov_fountains_minmay, first_ration,
          chequers_serial_rivers_micro_d, uniq_sigmund, uniq_eustachio

Skill      XL: |  1  2  3  4 |
---------------+-------------+-----
Maces & Flails | 3 |  3.3
Armour         | 4 |  4.0
Fighting       | |  3.9
Shields        | |  3.9

Action                   |  1- 3 |  4- 6 || total
-------------------------+-------+-------++-------
Melee: Flail             |    34 |       ||    34
 Fire: Hunting sling     |   155 |   189 ||   344
  Use: Scroll            |     6 |       ||     6
  Eat: Chunk             |     1 |     1 ||     2
       Ration            |       |     1 ||     1
Armor: Chain mail        |    95 |   109 ||   204
Dodge: Dodged            |    34 |    44 ||    78
Block: Shield            |    74 |   105 ||   179

Table legend:
 A = Non-vault XP
 B = Vault XP
 C = Vault XP percentage of total XP
 D = Non-vault monster count
 E = Vault monster count
 F = Vault count percentage of total count
                 A         B        C        D         E       F
            +---------+---------+-------+---------+---------+-------
      Total |     152 |       0 |   0.0 |      42 |       0 |   0.0
            +---------+---------+-------+---------+---------+-------
        D:1 |      22 |       0 |   0.0 |      15 |       0 |   0.0
        D:2 |      45 |       0 |   0.0 |      14 |       0 |   0.0
        D:3 |      50 |       0 |   0.0 |      11 |       0 |   0.0
        D:4 |      35 |       0 |   0.0 |       2 |       0 |   0.0
            +---------+---------+-------+---------+---------+-------
